AoeStats
← kingArthur III

Four Lakes

507850550Analyzed
1v1 RM · 13d ago on Sep 19, 2026· 45m 1s· 2 players
Game mode
Random Map
Map size
Tiny (2 player)
Population
200
Speed
Normal
Resources
Standard
Victory
Conquest
Starting age
Dark Age
Ending age
Imperial Age
RankedLock teamsTeams togetherTeam positionsShared explorationLock speedFull tech treeHidden civsTurbo modeCheats
Victory
Defeat
🇲🇽 Malians · Mexico
753
+15
🇳🇿 Persians · New Zealand
725
-15
kingArthur III
2:05 Loom
11:29 Feudal Age
12:06 Double-Bit Axe
12:38 Horse Collar
19:23 Castle Age
18:48 Bloodlines
19:15 Scale Barding Armor
19:22 Forging
21:08 Husbandry
20:55 Light Cavalry
22:45 Fletching
23:34 Heavy Plow
25:08 Fishing Lines
32:33 Imperial Age
30:41 Iron Casting
30:41 Guard Tower
31:12 Ballistics
31:45 Bow Saw
34:02 Chemistry
33:27 Conscription
32:58 Town Watch
34:54 Wheelbarrow
34:24 Town Patrol
38:18 Hand Cart
38:39 Elite War Elephant
39:58 Hoardings
44:18 Cavalier
[HsMs]_DarkOzz95_]
10:36 Feudal Age
13:31 Double-Bit Axe
14:40 Horse Collar
15:31 Bloodlines
22:14 Castle Age
21:46 Scale Barding Armor
21:52 Forging
22:43 Light Cavalry
23:25 Husbandry
23:49 Chain Barding Armor
26:14 Padded Archer Armor
27:08 Ballistics
29:39 Fletching
30:24 Iron Casting
31:18 Bodkin Arrow
31:50 Heavy Plow
32:02 Bow Saw
31:50 Loom
36:45 Imperial Age
34:23 Stone Mining
36:16 Wheelbarrow
35:30 Town Watch
38:33 Chemistry
38:13 Plate Barding Armor
37:35 Heavy Camel Rider
38:42 Padded Archer Armor
39:53 Farimba
Connection lost

Rejoining the realm…

Still unreachable

The connection could not be restored.

Session expired

The server has moved on; the page needs a fresh start.